AoeStats
← Cinnamoroll

Socotra

506146057Analyzed
4v4 RM · 20d ago on Sep 12, 2026· 18m 49s· 8 players
Game mode
Random Map
Map size
148×148
Population
200
Speed
Normal
Resources
Standard
Victory
Conquest
Starting age
Dark Age
Ending age
Imperial Age
RankedLock teamsTeams togetherTeam positionsShared explorationLock speedFull tech treeHidden civsTurbo modeCheats
Victory
Defeat
🇯🇵 Hindustanis · Japan
1583
+15
🇬🇷 Magyars · Greece
1553
+16
🇰🇷 Italians · South Korea
1546
+17
🇨🇳 Poles · China
1530
+17
🇨🇴 Turks · Colombia
1623
-18
🇹🇷 Wu · Türkiye
1591
-18
🇨🇦 Bengalis · Canada
1569
-17
🇪🇸 Huns · Spain
1462
-12
Bz_青红
3:40 Loom
For The Horde
6:43 Loom
8:59 Feudal Age
10:04 Double-Bit Axe
10:38 Horse Collar
15:29 Wheelbarrow
17:39 Scale Barding Armor
19:14 Gold Mining
うーぺー
5:51 Loom
9:06 Feudal Age
10:41 Man-at-Arms
14:29 Double-Bit Axe
17:03 Horse Collar
17:16 Fletching
수상
5:14 Loom
5:30 Loom
9:05 Feudal Age
20:26 Castle Age
Cinnamoroll
1:42 Loom
[GDL] turbojj
5:48 Loom
9:10 Feudal Age
Sergio
8:18 Loom
10:26 Feudal Age
18:13 Double-Bit Axe
swipp
8:01 Loom
10:04 Feudal Age
15:27 Castle Age
14:45 Double-Bit Axe
16:30 Bow Saw
16:34 Fletching
17:36 Padded Archer Armor
Connection lost

Rejoining the realm…

Still unreachable

The connection could not be restored.

Session expired

The server has moved on; the page needs a fresh start.